 Dungeon Crawl Stone Soup version 0.26.1-11-gd32895ea62 (webtiles) character file.

Game seed: 6971247652910264718

33012 Amplified the Carver (level 13, -5/99 HPs)
             Began as a Mummy Fighter on July 2, 2021.
             Was an Elder of Ashenzari.
             Hit by a large rock thrown by a cyclops (34 damage)
             ... on level 15 of the Dungeon.
             The game lasted 00:27:24 (19807 turns).

Amplified the Carver (Mummy Fighter)               Turns: 19807, Time: 00:27:25

Health: -5/99      AC: 22    Str: 21    XL:     13   Next: 34%
Magic:  22/22      EV: 12    Int: 14    God:    Ashenzari [****..]
Gold:   789        SH:  5    Dex: 11    Spells: 7/12 levels left

rFire    + + .     SeeInvis +   E - +10 great sword of the Revolution {vorpal, rPois rF+++ MP+9 Int+3} (curse)
rCold    + . .     Faith    .   (shield currently unavailable)
rNeg     + + +     Spirit   .   k - +4 scale mail
rPois    ∞         Reflect  +   m - +2 helmet (curse)
rElec    .         Harm     .   s - +2 cloak {rCorr} (curse)
rCorr    +         Rampage  .   B - +2 pair of gloves (curse)
Will     +....     Clarity  +   (no boots)
Stlth    ..........             y - amulet of reflection
HPRegen  0.26/turn              o - ring of see invisible
MPRegen  0.18/turn              j - +4 ring of slaying (curse)

@: no status effects
A: no potions, fire vulnerability, cold resistance 1, negative energy resistance
3, torment resistance, unbreathing, in touch with death 1
a: Renounce Religion, Curse Item, Scrying


You were on level 15 of the Dungeon.
You worshipped Ashenzari.
Ashenzari was greatly pleased with you.
You visited 3 branches of the dungeon, and saw 19 of its levels.

You collected 1418 gold pieces.
You spent 629 gold pieces at shops.

Inventory:

Hand Weapons
 l - a +4 short sword of draining
 E - the cursed +10 great sword of the Revolution (weapon) {vorpal, rPois rF+++ MP+9 Int+3}
   (You found it on level 1 of the Lair of Beasts)

   It inflicts extra damage upon your enemies.
   It affects your intelligence (+3).
   It renders you almost immune to fire.
   It protects you from poison.
   It affects your magic capacity (+9).
   It has a curse placed upon it.
Missiles
 c - 2 throwing nets
 F - 5 curare-tipped darts (quivered)
Armour
 k - a +4 scale mail (worn)
 m - a cursed +2 helmet (worn)
 s - a cursed +2 cloak of preservation (worn)
 B - a cursed +2 pair of gloves (worn)
Jewellery
 a - an uncursed ring of ice
 b - an uncursed ring of magical power
 j - a cursed +4 ring of slaying (right hand)
 o - a ring of see invisible (left hand)
 p - an uncursed amulet of magic regeneration
 r - a +4 ring of evasion
 w - an uncursed amulet of the acrobat
 y - an amulet of reflection (around neck)
Wands
 d - a wand of random effects (25)
 g - a wand of flame (8)
 v - a wand of polymorph (12)
 x - a wand of disintegration (4)
 A - a wand of enslavement (12)
 C - a wand of digging (8)
Scrolls
 e - 5 scrolls of magic mapping
 f - a scroll of fog
 i - 15 scrolls of teleportation
 n - 3 scrolls of remove curse
 q - 5 scrolls of identify
 t - a scroll of silence
 u - 3 scrolls of amnesia
 D - a scroll of brand weapon


   Skills:
 - Level 8.6 Fighting
 * Level 10.2(14.4) Long Blades
 - Level 9.5(9.6) Axes
 - Level 2.1(6.3) Maces & Flails
 - Level 6.8(9.2) Armour
 - Level 3.0(5.0) Dodging
 - Level 10.0 Shields


You had 7 spell levels left.
You knew the following spells:

 Your Spells              Type           Power        Failure   Level
a - Corona                Hex            0%           56%         1
b - Summon Lightning Spi  Summ/Air       0%           100%        4

Your spell library contained the following spells:

 Spells                   Type           Power        Failure   Level
 Freeze                   Ice            0%           56%         1
 Sandblast                Erth           0%           56%         1
 Summon Small Mammal      Summ           0%           56%         1
 Call Imp                 Summ           0%           71%         2
 Passwall                 Tmut/Erth      0%           71%         2
 Call Canine Familiar     Summ           0%           90%         3
 Frozen Ramparts          Ice            0%           90%         3
 Ozocubu's Armour         Ice            0%           90%         3
 Stone Arrow              Conj/Erth      0%           90%         3
 Summon Guardian Golem    Hex/Summ       0%           90%         3
 Hailstorm                Conj/Ice       0%           100%        4
 Petrify                  Tmut/Erth      0%           100%        4
 Summon Ice Beast         Ice/Summ       0%           100%        4
 Lee's Rapid Deconstruct  Erth           0%           100%        5


Dungeon Overview and Level Annotations

Branches:
Dungeon (15/15)            Temple (0/1) D:4            Lair (2/6) D:11
    Orc (2/2) D:12            Elf (0/3) Orc:2        Vaults (0/5) D:14
 Depths (0/5) D:15
  Swamp: Lair:2-4    Shoals: Lair:2-4     Snake: Lair:2-4    Spider: Lair:2-4

Altars:
Ashenzari
Dithmenos
Kikubaaqudgha
Qazlal
Ru
Sif Muna
Uskayaw
Vehumet
Wu Jian
Xom
Yredelemnul

Shops:
D:12 (([?

Annotations:
D:9 Prince Ribbit
Lair:1 , 1 runed translucent door, Yosebu's ghost, journeyman TrBe
Orc:1 1 runed translucent door, exclusion: 4 orange crystal statues
Orc:2 Saint Roka


Innate Abilities, Weirdness & Mutations

You do not drink.
Your flesh is vulnerable to fire.
You are immune to poison.
Your flesh is cold resistant. (rC+)
You are immune to negative energy. (rN+++)
You are immune to unholy pain and torment.
You can survive without breathing.
You are in touch with the powers of death.


Message History

Things that are here:
an arrow; a +0 morningstar A tengu conjurer comes into view.
The tengu conjurer shouts!
Unknown command.
Aiming: Enslavement
Press: ? - help, Shift-Dir - straight line, f - cyclops
Aim: a cyclops, quivering 4 large rocks (chance to affect: 28%)
The cyclops easily resists.
The cyclops hits you!
Unknown command.
The tengu warrior shoots an arrow.
The arrow hits you but does no damage.
The cyclops throws a large rock.
The large rock hits you!!
* * * LOW HITPOINT WARNING * * *
Things that are here:
a large rock; an arrow Unknown command.
The tengu conjurer casts a spell.
The tengu conjurer conjures a globe of magical energy!
The cyclops throws a large rock.
The large rock hits you!!
You die...

.^#######.#...#..#,,***,,,,,,***,
..........#...#..#,,,,,,,,,,,*,*,
.........[#...#..#,,,,,,,,,,,*,*,
......##..#...#..#,,,,,,,**,,+,+,
..........#...#..#,,,,,,,,,,,*,*,
#####.....#......#,,,,,,,,,,,*,*,
,,* #.....#..###.#,,,,,,,,,,,*,*,
,,* #.##..#..#,#.#,,,,,,,,,,,*,*,
,,* #........#,#@#,,***,,,,,,*,*,
****#........#,#(#,,***,,**,,*,*,
*....##.....#+#.#,,,,,,,**,,*,*,
#.#.........+.QC#,,,,,,,,,,,*,*,
#...........#.#.#,,,*,,,,,,,***,
#....#......#.#Q#,,,,,,,,,,,***,
####......#.#+#.',,,,,,,**,,*,*,
#.........,*.#.,,,,,,,,,,*,*,
*,,,,****,*..#..,,,,,,,,,*,*,


You could see a tengu warrior, a cyclops, a tengu conjurer and a battlesphere.

Vanquished Creatures
  Frances (D:13)
  An ettin (Orc:1)
  Fannar (Lair:1)
  A yaktaur captain (D:14)
  Harold (D:8)
  5 two-headed ogres
  4 centaur warriors
  Urug (Lair:1)
  Sonja (D:13)
  3 ugly things
  2 deep elf magi (D:13)
  3 manticores
  5 cyclopes
  A centaur zombie (D:12)
  4 gargoyles
  2 cane toads
  2 yaktaurs (D:14)
  A rime drake (D:14)
  A komodo dragon (D:13)
  A freezing wraith (D:15)
  A troll (Orc:1)
  11 slime creatures
  A hornet (D:12)
  A vampire (D:13)
  A shadow (D:14)
  13 yaks
  6 basilisks
  6 wyverns
  A warg (Orc:1)
  4 water moccasins
  An acid dragon (D:12)
  3 ice beasts
  6 orc warriors
  A black bear (D:11)
  A sky beast (D:10)
  4 phantoms
  5 wolves (Lair:1)
  7 centaurs
  7 ogres
  A big kobold (D:12)
  9 bullfrogs
  A wyvern zombie (D:12)
  4 scorpions
  A wyvern skeleton (D:10)
  4 killer bees (D:11)
  15 wights
  A howler monkey (D:6)
  3 electric eels
  2 quasits
  10 hounds
  3 jellies
  2 centaur skeletons
  5 orc priests
  3 bullfrog skeletons
  9 orc wizards
  An iguana (D:5)
  3 hell rats (D:14)
  3 worker ants
  A hound zombie (D:11)
  A worker ant zombie (D:11)
  Robin (D:2)
  14 adders
  2 shadow imps
  4 white imps
  3 ufetubi
  3 adder skeletons
  3 worms
  2 dart slugs
  5 leopard geckos
  47 orcs
  2 ball pythons
  7 giant cockroaches
  10 goblins
  8 hobgoblins
  15 jackals
  6 kobolds
  6 quokkas
  4 bats
  7 frilled lizards
  A leopard gecko skeleton (D:5)
  6 rats
359 creatures vanquished.

Vanquished Creatures (others)
  A sky beast (D:14)
  A worker ant (D:14)
  A fungus (Lair:2)
  A plant (Lair:1)
4 creatures vanquished.

Grand Total: 363 creatures vanquished

Notes
Turn   | Place    | Note
-------+----------+-------------------------------------------
     0 | D:1      | Amplified the Mummy Fighter began the quest for the Orb.
     0 | D:1      | Reached XP level 1. HP: 18/18 MP: 1/1
   380 | D:1      | Reached XP level 2. HP: 24/24 MP: 2/2
  1260 | D:2      | Found a broken altar of Ashenzari.
  1338 | D:2      | Reached XP level 3. HP: 25/29 MP: 3/3
  1347 | D:2      | Became a worshipper of Ashenzari the Shackled
  1429 | D:2      | Noticed Robin
  1611 | D:2      | Found a shimmering altar of Xom.
  1962 | D:2      | Reached XP level 4. HP: 22/35 MP: 4/4
  1967 | D:2      | Killed Robin
  2846 | D:3      | Reached XP level 5. HP: 34/41 MP: 5/5
  3521 | D:4      | Reached * piety under Ashenzari
  3669 | D:4      | Found a staircase to the Ecumenical Temple.
  3896 | D:4      | Reached XP level 6. HP: 38/48 MP: 6/6
  3992 | D:4      | Found a basalt altar of Yredelemnul.
  3993 | D:4      | Found a stormy altar of Qazlal.
  4114 | D:4      | Found an ornate altar of the Wu Jian Council.
  4649 | D:4      | Found an ancient bone altar of Kikubaaqudgha.
  4649 | D:4      | Found a shimmering blue altar of Sif Muna.
  4651 | D:4      | Found a radiant altar of Vehumet.
  4655 | D:4      | Identified Sif Muna's Collected Works on Beguiling
  4664 | D:4      | Learned a level 1 spell: Corona
  4804 | D:5      | Entered Level 5 of the Dungeon
  4894 | D:5      | Reached XP level 7. HP: 54/54 MP: 7/7
  4947 | D:5      | Got the cursed hunting sling "Lithricze" {venom, Int+4}
  4948 | D:5      | Identified the cursed +1 hunting sling "Lithricze" {venom,
                  | Int+4} (You found it on level 5 of the Dungeon)
  5426 | D:6      | Learned a level 4 spell: Summon Lightning Spire
  5931 | D:6      | Reached skill level 5 in Shields
  5975 | D:6      | Reached XP level 8. HP: 60/61 MP: 8/8
  6726 | D:8      | Reached skill level 5 in Axes
  6730 | D:8      | Reached skill level 5 in Fighting
  7711 | D:9      | Noticed a two-headed ogre
  7722 | D:9      | Reached XP level 9. HP: 39/68 MP: 9/9
  7725 | D:9      | Killed a two-headed ogre
  7726 | D:9      | Reached skill level 5 in Armour
  8228 | D:9      | Found a sacrificial altar of Ru.
  8244 | D:9      | Noticed a two-headed ogre
  8259 | D:9      | Killed a two-headed ogre
  8460 | D:9      | Found a shimmering blue altar of Sif Muna.
  8562 | D:9      | Reached XP level 10. HP: 70/77 MP: 10/10
  8953 | D:9      | Noticed Prince Ribbit
  9149 | D:10     | Entered Level 10 of the Dungeon
  9639 | D:10     | Reached ** piety under Ashenzari
  9868 | D:11     | Noticed a white ugly thing
  9886 | D:11     | Killed a white ugly thing
 10322 | D:11     | Noticed a two-headed ogre
 10856 | D:10     | Found a shadowy altar of Dithmenos.
 11092 | D:11     | Noticed a red ugly thing
 11192 | D:12     | Noticed a cyclops
 11211 | D:12     | Killed a cyclops
 11243 | D:12     | Reached XP level 11. HP: 47/84 MP: 11/11
 11434 | D:12     | Found a shimmering altar of Xom.
 11453 | D:12     | Found Congout's Magic Scroll Shop.
 11492 | D:12     | Bought a scroll of teleportation for 45 gold pieces
 11492 | D:12     | Bought a scroll of enchant armour for 112 gold pieces
 11492 | D:12     | Bought a scroll of magic mapping for 52 gold pieces
 11492 | D:12     | Bought a scroll of magic mapping for 52 gold pieces
 11492 | D:12     | Bought a scroll of magic mapping for 52 gold pieces
 11492 | D:12     | Bought a scroll of magic mapping for 52 gold pieces
 11818 | D:12     | Found Feil's Antique Weapon Shoppe.
 11821 | D:12     | Found Azetorgh's Armour Boutique.
 11828 | D:12     | Found a staircase to the Orcish Mines.
 11830 | D:12     | Bought a +1 cloak of preservation for 264 gold pieces
 11988 | D:12     | Found Sypog's Antique Weapon Shop.
 12075 | D:12     | Reached skill level 1 in Maces & Flails
 12292 | D:11     | Noticed a two-headed ogre
 12310 | D:11     | Killed a two-headed ogre
 12631 | D:11     | Killed a red ugly thing
 12816 | D:11     | Reached skill level 1 in Dodging
 12824 | D:11     | Killed a two-headed ogre
 12993 | D:11     | Found a staircase to the Lair.
 13386 | Lair:1   | Entered Level 1 of the Lair of Beasts
 13765 | Lair:1   | Noticed Fannar
 13790 | Lair:1   | Killed Fannar
 13902 | Lair:1   | Noticed Urug
 13903 | Lair:1   | Paralysed by Urug for 5 turns
 13926 | Lair:1   | Killed Urug
 13927 | Lair:1   | Reached XP level 12. HP: 66/94 MP: 12/12
 14116 | Lair:1   | Reached skill level 10 in Shields
 14175 | Lair:1   | Found a transporter.
 14434 | Lair:1   | Found a transporter.
 14496 | Lair:1   | Found a runed translucent door.
 14497 | Lair:1   | Noticed Yosebu's ghost (journeyman TrBe)
 14582 | Lair:1   | Got the great sword of the Revolution {vorpal, rPois rF+++
                  | MP+9 Int+3}
 14692 | Lair:2   | Identified the +10 great sword of the Revolution {vorpal,
                  | rPois rF+++ MP+9 Int+3} (You found it on level 1 of the
                  | Lair of Beasts)
 14716 | Lair:2   | Reached skill level 1 in Long Blades
 14862 | Lair:2   | Reached *** piety under Ashenzari
 15036 | Lair:2   | Noticed an eight-headed hydra
 15154 | Orc:1    | Entered Level 1 of the Orcish Mines
 15182 | Orc:1    | Found the +10 tower shield of Ignorance {rN+ Int-4}
 15186 | Orc:1    | Found a runed translucent door.
 15423 | Orc:1    | Found a runed translucent door.
 15591 | Orc:1    | Noticed an ettin
 15601 | Orc:1    | Killed an ettin
 15916 | Orc:2    | Entered Level 2 of the Orcish Mines
 15916 | Orc:2    | Found a staircase to the Elven Halls.
 15917 | Orc:2    | Noticed Saint Roka
 16289 | D:8      | Noticed Harold
 16296 | D:8      | Killed Harold
 16298 | D:8      | Found a hide-covered altar of Uskayaw.
 16518 | D:13     | Noticed a centaur warrior
 16523 | D:13     | Killed a centaur warrior
 16524 | D:13     | Reached skill level 5 in Long Blades
 16746 | D:13     | Noticed a centaur warrior
 16755 | D:13     | Killed a centaur warrior
 16863 | D:13     | Reached **** piety under Ashenzari
 17040 | D:13     | Noticed Sonja
 17050 | D:13     | Killed Sonja
 17243 | D:13     | Noticed Frances
 17254 | D:13     | Noticed a centaur warrior
 17261 | D:13     | Killed Frances
 17744 | D:13     | Killed a centaur warrior
 17745 | D:13     | Gained mutation: You are in touch with the powers of death.
                  | [Mummy growth]
 17745 | D:13     | Reached XP level 13. HP: 14/99 MP: 13/13
 19225 | D:14     | Identified the +10 quarterstaff of the Desolation of Salt
                  | {pain, +Inv rElec Str-3}
 19274 | D:14     | Reached skill level 10 in Long Blades
 19662 | D:14     | Found a gate to the Vaults.
 19695 | D:15     | Entered Level 15 of the Dungeon
 19807 | D:15     | Hit by a large rock thrown by a cyclops

Illustrated notes

Levels and vault maps discovered:
D:1:      saegor_arrival_simple_e, layout_basic, serial_bayou_ford_a,
          minmay_ruptured
D:2:      layout_loops_cross, xom_butterflies, ashenzari_conservatory_becter,
          uniq_robin
D:3:      layout_rooms, serial_rivers, chequers_serial_rivers_small_3,
          chequers_serial_rivers_large_b, chequers_serial_rivers_room_a,
          chequers_serial_rivers_marsh, chequers_serial_rivers_micro_c,
          minmay_fractal_squares_gapless_5
D:4:      layout_basic, grunt_temple_overflow_magic_moments,
          nzn_wu_jian_contemplation, gammafunk_temple_overflow_pools,
          minmay_temple_entry_statues_fountains, grunt_decor_one_mirror
D:5:      layout_rooms
D:6:      layout_loops_ring, kennysheep_path_1, kennysheep_generic_room_16
D:7:      layout_cave_pools, uniq_maggie, uniq_crazy_yiuf_cottage
D:8:      layout_basic, nicolae_overflow_hidden_temple, uniq_harold
D:9:      layout_small_grid, basic_altar, nicolae_water_bricks,
          nicolae_ru_the_path_less_chosen, uniq_prince_ribbit1
D:10:     layout_roguey, nicolae_dithmenos_shadow_blocks
D:11:     layout_rooms, david_lair_generic
D:12:     layout_cave_pools, orc_0_dummy, serial_shops, shop, shop_fountains,
          shop, nicolae_shop_stone, basic_altar
D:13:     layout_grid_maze, serial_co_window_serial, co_window_of_opportunity_a,
          co_window_paths_a, co_window_paths_b, co_window_paths_a,
          co_window_of_opportunity_a, co_window_corner_a,
          co_window_of_opportunity_c, co_window_cross_3, co_window_corner_b,
          co_window_2corner, co_window_unsneaky_path_b, co_window_4corner_b,
          glass_columns_a, glass_columns_a, kennysheep_generic_room_12,
          uniq_frances, uniq_sonja
D:14:     minmay_connected_boxes_in_corner, layout_basic, david_vaults_2,
          chequers_avenue, special_room [special_room_mythical_zoo],
          lemuel_nasty_fountain
D:15:     grunt_enter_depths_magical_seal, layout_stronghold, zin_angel
Lair:1:   gammafunk_cloud_chamber, layout_big_grid, ebering_ghost_inner_flame,
          dpeg_stationary_puzzle, uniq_urug, uniq_fannar
Lair:2:   layout_cave_pods, spider_nest_entry_web_field,
          gammafunk_ghost_hydra_chop
Orc:1:    layout_caves, chequers_guarded_unrand_ignorance
Orc:2:    grunt_orc_community_town_hall, layout_caves,
          grunt_orc_community_big_house_1, grunt_orc_community_big_house_1,
          grunt_orc_community_house_3, grunt_orc_community_house_3,
          grunt_orc_community_house_3, grunt_orc_community_house_1,
          nicolae_orc_lava_room, uniq_saint_roka

Skill      XL: |  1  2  3  4  5  6  7  8  9 10 11 12 13 |
---------------+----------------------------------------+-----
Axes           | 2 3 4 5 7 8 9 |  9.5
Shields        | 3 4 5 6 7 8 9 10 | 10.0
Armour         | 3 4 5 6 |  6.8
Fighting       | 4 5 6 7 8 |  8.6
Maces & Flails | 2 |  2.1
Dodging        | 2 3 |  3.0
Long Blades    | 8 10 | 10.2

Action                   |  1- 3 |  4- 6 |  7- 9 | 10-12 | 13-15 || total
-------------------------+-------+-------+-------+-------+-------++-------
Melee: Short sword       |   118 |   207 |   331 |   687 |       ||  1343
       War axe           |    10 |       |       |   131 |       ||   141
       Great sword       |       |       |       |   134 |    73 ||   207
Throw: Throwing net      |       |       |       |     3 |     3 ||     6
Invok: Curse Item        |       |     2 |       |     4 |       ||     6
Evoke: Wand              |     1 |     7 |    12 |    36 |    16 ||    72
  Use: Scroll            |     4 |     6 |     4 |    19 |     2 ||    35
 Stab: Paralysed         |       |       |       |    45 |     1 ||    46
       Held in net/web   |       |       |       |     5 |     2 ||     7
Armor: Scale mail        |    37 |    74 |   161 |   201 |    26 ||   499
       Plate armour      |       |       |       |   160 |       ||   160
Dodge: Dodged            |    32 |    58 |   129 |   240 |    23 ||   482
Block: Kite shield       |    34 |   102 |   212 |   610 |       ||   958
       Reflection        |       |       |       |    16 |     4 ||    20
       Other             |       |       |       |    37 |    16 ||    53
       Rpst.: Great sword |       |       |       |    11 |     6 ||    17
